 Dungeon Crawl Stone Soup version 0.28-a0-919-g0b5b508569 (webtiles) character file.

Game seed: 15207208517638681111

581333 swappor the Hoplite (level 25, -8/249 HPs)
             Began as a Minotaur Berserker on Nov 25, 2021.
             Was an Elder of Trog.
             Killed from afar by an orb of fire (25 damage)
             ... with a bolt of fire
             ... on level 5 of the Realm of Zot on Nov 26, 2021.
             The game lasted 04:57:55 (93313 turns).

swappor the Hoplite (Minotaur Berserker)           Turns: 93313, Time: 04:57:55

Health: -8/249     AC: 49    Str: 35      XL:     25   Next: 94%
Magic:  19/19      EV: 15    Int:  4 (5)  God:    Trog [****..]
Gold:   7075       SH: 30    Dex:  9      Spells: 24/24 levels left

rFire   + . .      SeeInvis +   a - +7 broad axe (elec)
rCold   . . .      Faith    .   Q - +3 tower shield
rNeg    . . .      Spirit   .   B - +16 plate armour of Dogmatism {Rampage}
rPois   +          Reflect  +   (helmet unavailable)
rElec   .          Harm     .   m - +2 cloak {rPois}
rCorr   .          Rampage  +   x - +1 pair of gloves {Str+3}
Will    +++..      Clarity  +   Y - +2 pair of boots {Stlth+}
Stlth   ..........              W - amulet of reflection
HPRegen 1.51/turn               F - ring of protection from fire
MPRegen 0.16/turn               v - ring of see invisible

@: strong-willed (expiring), on berserk cooldown, regenerating (expiring),
hasted, unable to read, very quick
A: horns 3, retaliatory headbutt, hooves 1, clarity, clumsy 1, deterioration 1,
low mp 1, shaggy fur 1, inability to read while threatened
}: 3/15 runes: decaying, serpentine, slimy
a: Renounce Religion, Berserk, Trog's Hand, Brothers in Arms


You were on level 5 of the Realm of Zot.
You worshipped Trog.
Trog was greatly pleased with you.
You visited 11 branches of the dungeon, and saw 54 of its levels.
You visited the Abyss 1 time.
You also visited: Bailey and Ice Cave.

You collected 9322 gold pieces.
You spent 2247 gold pieces at shops.


Innate Abilities, Weirdness & Mutations

You have a pair of large horns on your head.
You reflexively headbutt those who attack you in melee.
You have large cloven feet.
You possess an exceptional clarity of mind.
You are clumsy. (Dex -2)
Your body sometimes deteriorates upon taking damage.
Your magical capacity is low. (-10% MP)
You are covered in fur. (AC +1)
You sometimes lose the ability to read scrolls when taking damage.


   Skills:
 - Level 25.0 Fighting
 - Level 25.0 Axes
 - Level 25.0 Armour
 + Level 20.2 Dodging
 - Level 25.0 Shields
 - Level 15.0 Evocations


You had 24 spell levels left.
You didn't know any spells.
Your spell library contained the following spells:

 Spells                   Type           Power      Damage    Failure   Level
 Animate Skeleton         Necr           0%         N/A       83%         1
 Apportation              Tloc           0%         N/A       83%         1
 Foxfire                  Conj/Fire      0%         2x1d4     83%         1
 Pain                     Necr           0%         1d4       83%         1
 Sandblast                Erth           0%         2d4       83%         1
 Shock                    Conj/Air       0%         1d3       83%         1
 Summon Small Mammal      Summ           0%         N/A       83%         1
 Call Imp                 Summ           0%         N/A       92%         2
 Ensorcelled Hibernation  Hex/Ice        0%         N/A       92%         2
 Passwall                 Tmut/Erth      0%         N/A       92%         2
 Scorch                   Fire           0%         2d5       92%         2
 Sublimation of Blood     Necr           0%         N/A       92%         2
 Wereblood                Tmut           0%         N/A       92%         2
 Call Canine Familiar     Summ           0%         N/A       99%         3
 Confusing Touch          Hex            0%         N/A       99%         3
 Conjure Flame            Conj/Fire      0%         6-21      99%         3
 Gell's Gravitas          Tloc           0%         N/A       99%         3
 Ignite Poison            Fire/Tmut/Pois 0%         N/A       99%         3
 Inner Flame              Hex/Fire       0%         N/A       99%         3
 Lesser Beckoning         Tloc           0%         N/A       99%         3
 Ozocubu's Armour         Ice            0%         N/A       99%         3
 Portal Projectile        Hex/Tloc       0%         N/A       99%         3
 Spider Form              Tmut/Pois      0%         N/A       99%         3
 Stone Arrow              Conj/Erth      0%         3d7       99%         3
 Swiftness                Air            0%         N/A       99%         3
 Teleport Other           Tloc           0%         N/A       99%         3
 Tukima's Dance           Hex            0%         N/A       99%         3
 Vampiric Draining        Necr           0%         2d6       99%         3
 Airstrike                Air            0%         N/A       100%        4
 Animate Armour           Summ/Erth      0%         N/A       100%        4
 Animate Dead             Necr           0%         N/A       100%        4
 Flame Wave               Conj/Fire      0%         3d3       100%        4
 Hailstorm                Conj/Ice       0%         3d3       100%        4
 Ice Form                 Ice/Tmut       0%         N/A       100%        4
 Leda's Liquefaction      Hex/Erth       0%         N/A       100%        4
 Olgreb's Toxic Radiance  Pois           0%         N/A       100%        4
 Sticky Flame             Conj/Fire      0%         2d3       100%        4
 Blade Hands              Tmut           0%         N/A       100%        5
 Borgnjor's Vile Clutch   Necr/Erth      0%         N/A       100%        5
 Fireball                 Conj/Fire      0%         3d3       100%        5
 Irradiate                Conj/Tmut      0%         3d13      100%        5
 Lee's Rapid Deconstruct  Erth           0%         3d5*      100%        5
 Conjure Ball Lightning   Conj/Air       0%         3x3d6     100%        6
 Death Channel            Necr           0%         N/A       100%        6
 Dispersal                Tloc           0%         N/A       100%        6
 Iron Shot                Conj/Erth      0%         9d1       100%        6
 Simulacrum               Ice/Necr       0%         N/A       100%        6
 Starburst                Conj/Fire      0%         6d3       100%        6
 Statue Form              Tmut/Erth      0%         N/A       100%        6
 Summon Cactus Giant      Summ           0%         N/A       100%        6
 Dragon Form              Tmut           0%         N/A       100%        7
 Malign Gateway           Summ/Tloc      0%         N/A       100%        7
 Ozocubu's Refrigeration  Ice            0%         4d5       100%        7
 Summon Hydra             Summ           0%         N/A       100%        7
 Borgnjor's Revivificati  Necr           0%         N/A       100%        8
 Discord                  Hex            0%         N/A       100%        8
 Disjunction              Tloc           0%         N/A       100%        8
 Ignition                 Fire           0%         3d3       100%        8
 Lehudib's Crystal Spear  Conj/Erth      0%         10d2      100%        8
 Necromutation            Tmut/Necr      0%         N/A       100%        8
 Death's Door             Necr           0%         N/A       100%        9

Inventory:

Hand Weapons
 a - a +7 broad axe of electrocution (weapon)
   (You found it on level 1 of the Lair of Beasts)
Missiles
 w - 4 throwing nets (quivered) {=f!f}
Armour
 m - a +2 cloak of poison resistance (worn)
   (You bought it in a shop on level 5 of the Dungeon)
 x - a +1 pair of gloves of strength (worn)
   (You found it on level 1 of the Vaults)
 B - the +16 plate armour of Dogmatism (worn) {Rampage}
   (You found it on level 2 of the Vaults)

   Rampage:   It bestows one free step when moving towards enemies.
 Q - a +3 tower shield (worn)
   (You took it off a vault guard on level 1 of the Vaults)
 Y - a +2 pair of boots of stealth (worn)
   (You found it on level 5 of the Pits of Slime)
Jewellery
 f - a ring of fire
   (You took it off a draconian shifter on level 1 of the Realm of Zot)
 t - a ring of willpower
   (You took it off a purple draconian on level 1 of the Realm of Zot)
 v - a ring of see invisible (right hand)
   (You bought it in a shop on level 2 of the Orcish Mines)
 F - a ring of protection from fire (left hand)
   (You took it off a necromancer on level 2 of the Depths)
 L - a ring of flight
   (You found it on level 2 of the Dungeon)
 O - a +4 ring of protection
   (You found it on level 4 of the Realm of Zot)
 R - a ring of resist corrosion
   (You bought it in a shop on level 1 of the Depths)
 W - an amulet of reflection (around neck)
   (You found it on level 2 of the Dungeon)
Wands
 i - a wand of paralysis (28)
   (You found it on level 1 of the Crypt)
 r - a wand of flame (181)
   (You found it on level 9 of the Dungeon)
 u - a wand of polymorph (25)
   (You found it on level 6 of the Dungeon)
 D - a wand of mindburst (22)
   (You found it on level 2 of the Lair of Beasts)
 J - a wand of acid (39)
   (You found it on level 4 of the Lair of Beasts)
 S - a wand of digging (4)
   (You found it in an ice cave)
 U - a wand of charming (3)
   (You found it on level 5 of the Dungeon)
 X - a wand of iceblast (29)
   (You found it on level 3 of the Dungeon)
Scrolls
 g - 3 scrolls of identify {@r1}
 n - 13 scrolls of teleportation {@r4}
 o - 8 scrolls of magic mapping {!r}
 p - 3 scrolls of silence {!r}
 q - 6 scrolls of fear
 s - 6 scrolls of blinking {!r}
 K - 3 scrolls of summoning
Potions
 e - a potion of flight
 h - 8 potions of lignification {!q}
 j - 23 potions of curing {@q1}
 k - 4 potions of cancellation
 l - 5 potions of might
 z - a potion of heal wounds {@q2}
 E - 8 potions of ambrosia
 V - 2 potions of invisibility
Miscellaneous
 y - a phial of floods
   (You found it on level 12 of the Dungeon)
 G - a tin of tremorstones (2/2)
   (You found it on level 11 of the Dungeon)
 T - a box of beasts (inert)
   (You found it on level 2 of the Orcish Mines)

Dungeon Overview and Level Annotations

Branches:
Dungeon (15/15)            Temple (0/1) D:4            Lair (6/6) D:11
  Swamp (4/4) Lair:3        Snake (4/4) Lair:4        Slime (5/5) Lair:5
    Orc (2/2) D:11            Elf (2/3) Orc:2        Vaults (4/5) D:13
  Crypt (3/3) Vaults:2       Tomb (0/3) Crypt:3      Depths (4/4) D:15
    Zot (5/5) Depths:4     Bailey (visited)           IceCv (visited)

Altars:
Kikubaaqudgha
Yredelemnul
The Shining One
Lugonu

Shops:
D:1 (   D:5 *   D:7 (   D:9 :   D:13 **   D:14 !   Orc:2 (*(=[   Elf:1 (*[!
Depths:1 =   Depths:2 ?(:([   Depths:3 ::=   Depths:4 :

Portals:
Hell: Depths:1 Depths:2 Depths:3 Depths:4
Abyss: Depths:1 Depths:2 Depths:3
Pandemonium: Depths:2 Depths:4
Ziggurat: Depths:1

#...............# **,,,,,,,,,,
##.........^...## **,,,,,,,,,,,
#.^...^.......# ##.......^....
##...........## #..........^..
#...........# #.............
##..^........## #.............
#.............# #.........^...
##...........[.## #.............
##..............@###.....^.......
#...###########...###...†...^....
...## ##.h*.##X....)..... .###
###L..*q.......... ▓#
#▓▓▓▓▓▓▓▓▓▓▓##.. *
****,,......... ***
***,,,,,...^...^. ,^**
**,,,,,,,......... ,,,* *********
*,,,,,,,,...^.....


You could see 2 orbs of fire, an ancient lich (fast, ally target) and a friendly
polar bear (summoned, berserk).


Message History

The bolt of acid hits your elder batsting beast!!
The acid corrodes your elder batsting beast!
You block the Orb Guardian's attack.
The black draconian knight breathes lightning at you.
The bolt of lightning hits you!!
* * * LOW HITPOINT WARNING * * *
You block the Orb Guardian's attack.
Your elder batsting beast hits the Orb Guardian.
Your elder batsting beast completely misses the Orb Guardian. 😨 HP[-28]
You take 28 damage, and now have 63/249 hp.
You block the Orb Guardian's attack. 😨 HP[+2]
You regained 2 hp, and now have 65/249 hp. 😨 HP[+1]
You block the Orb Guardian's attack. 😨 HP[+2]
You regained 2 hp, and now have 68/249 hp.
Your elder batsting beast closely misses the Orb Guardian.
Your elder batsting beast stings the Orb Guardian but does no damage.
The ancient lich touches your elder batsting beast!
Your elder batsting beast dies!
Your elder batsting beast's corpse disappears in a puff of smoke! 😨 HP[+1]
You block the Orb Guardian's attack. 😨 HP[+2]
You regained 2 hp, and now have 71/249 hp.
You block the Orb Guardian's attack. 😨 HP[+1]
The Orb Guardian hits you!
* * * LOW HITPOINT WARNING * * *
😨 HP[-9]
You take 9 damage, and now have 63/249 hp.
You fade into invisibility!
You block the Orb Guardian's attack. 😨 HP[+1]
You block the Orb Guardian's attack. 😨 HP[+2]
You regained 2 hp, and now have 66/249 hp.
Things that are here:
a +0 scimitar; a black draconian skeleton 😨 HP[+1]
The Orb Guardian hits you but does no damage. 😨 HP[+2]
You regained 2 hp, and now have 69/249 hp.
The orb of fire emits a lurid red light.
The fireball explodes!
The fireball engulfs you!! You resist.
* * * LOW HITPOINT WARNING * * *
😱 HP[-22]
You take 22 damage, and now have 47/249 hp. 😱 HP[+2]
You regained 2 hp, and now have 49/249 hp.
You are confused.
You feel invigorated.
The ancient lich points at you and mumbles some strange words.
The bolt of acid hits you!!!
* * * LOW HITPOINT WARNING * * *
Your body deteriorates!
You feel dopey. The acid corrodes you! 😱 HP[-34]
You take 34 damage, and now have 15/249 hp.
Your magical effects are unravelling.
You feel magically purged.
You feel less invigorated.
You feel yourself speed up.
You feel yourself slow down.
You flicker back into view.
You feel less confused.
You are no longer corroded.
You block the ancient lich's attack.
The black draconian knight gestures wildly while chanting.
The black draconian knight seems to speed up. 😱 HP[+5]
You regained 5 hp, and now have 20/249 hp.
You feel much better.
You feel the effects of Trog's Hand fading.
The ancient lich touches you.
* * * LOW HITPOINT WARNING * * *
You block the ancient lich's attack. 😱 HP[+26]
You regained 26 hp, and now have 46/249 hp.
Okay, then.
You cannot read scrolls in your current state!
You feel yourself speed up.
The ancient lich touches you but does no damage. 😱 HP[+2]
You regained 2 hp, and now have 48/249 hp. 😱 HP[+1]
The ancient lich points at you and mumbles some strange words.
The crystal spear reflects off an invisible shield around you!
The crystal spear hits the ancient lich!! 😱 HP[+1] 😱 HP[+1]
Your polar bear goes berserk!
The ancient lich touches your polar bear!
The orb of fire glows deep purple.
The fireball explodes!
The fireball engulfs you!! You resist.
* * * LOW HITPOINT WARNING * * *
The orb of fire glows yellow.
The bolt of fire hits the orb of fire.
The orb of fire completely resists.
The bolt of fire hits you!! You resist.
You die...

Skill      XL: |  1  2  3  4  5  6  7  8  9 10 11 12 13 14 15 16 17 18 19 20 21 22 23 24 25 |
---------------+----------------------------------------------------------------------------+-----
Axes           | 4 5 6 10 14 18 19 24 25 | 25.0
Fighting       | 5 6 7 9 11 15 16 20 21 25 | 25.0
Evocations     | 1 4 5 11 15 | 15.0
Armour         | 8 15 20 25 | 25.0
Shields        | 2 5 14 15 18 22 25 | 25.0
Dodging        | 4 9 12 18 20 | 20.2

Action                   |  1- 3 |  4- 6 |  7- 9 | 10-12 | 13-15 | 16-18 | 19-21 | 22-24 | 25-27 || total
-------------------------+-------+-------+-------+-------+-------+-------+-------+-------+-------++-------
Melee: Hand axe          |   120 |   143 |    53 |       |       |       |       |       |       ||   316
       Headbutt          |    19 |    26 |    66 |   120 |   284 |   381 |   573 |   708 |   182 ||  2359
       War axe           |       |       |   288 |   183 |       |    94 |       |       |       ||   565
       Broad axe         |       |       |       |   416 |  1063 |  1397 |  1729 |  1896 |   613 ||  7114
       Flail             |       |       |       |     8 |    25 |       |       |       |       ||    33
Throw: Stone             |    11 |       |       |       |       |       |       |       |       ||    11
       Dart              |       |       |     2 |    17 |       |       |       |       |       ||    19
       Throwing net      |       |       |       |       |       |       |     1 |     1 |       ||     2
Invok: Berserk           |     1 |     3 |     4 |    11 |    10 |     9 |     3 |     8 |     5 ||    54
       Trog's Hand       |       |       |     7 |     3 |    22 |     7 |    30 |    30 |     3 ||   102
       Brothers in Arms  |       |       |       |     1 |     3 |     3 |     2 |     4 |     4 ||    17
Evoke: Wand              |       |       |       |     6 |    23 |       |     3 |    19 |       ||    51
       Tin of tremorston |       |       |       |       |     3 |     2 |       |     3 |       ||     8
       Phial of floods   |       |       |       |       |       |     1 |       |     4 |       ||     5
       Box of beasts     |       |       |       |       |       |     1 |       |     3 |     2 ||     6
  Use: Scroll            |     6 |     4 |     6 |     8 |    18 |     5 |    15 |    12 |     7 ||    81
       Potion            |       |       |       |     1 |     4 |       |     2 |     4 |    12 ||    23
 Stab: Confused          |       |       |       |       |       |     2 |       |       |       ||     2
       Distracted        |       |       |       |       |       |       |     1 |     1 |       ||     2
Armor: Animal skin       |    17 |       |       |       |       |       |       |       |       ||    17
       Chain mail        |    25 |    40 |   153 |       |       |       |       |       |       ||   218
       Crystal plate arm |       |       |    10 |   546 |   532 |   605 |   246 |       |       ||  1939
       Plate armour      |       |       |       |       |       |       |   143 |   636 |   226 ||  1005
Dodge: Dodged            |    62 |    38 |    90 |    79 |   146 |   222 |   313 |   535 |   172 ||  1657
Block: Other             |     4 |    29 |    71 |    18 |       |       |       |       |       ||   122
       Reflection        |       |     1 |     7 |    16 |    29 |   169 |   106 |    32 |     9 ||   369
       Kite shield       |       |       |       |   422 |   706 |   416 |       |       |       ||  1544
       Tower shield      |       |       |       |       |       |   935 |  1675 |  2145 |   630 ||  5385

Levels and vault maps discovered:
D:1:      saegor_arrival_simple_b, layout_rooms, serial_shops,
          nicolae_lakefront_shop, minmay_stone_trees_small
D:2:      layout_basic, serial_bayou, serial_bayou_pond_d, serial_bayou_pond_d,
          serial_bayou_pond_a, serial_bayou_pond_c,
          hellmonk_ecumenical_altar_watching_god
D:3:      layout_loops_ring, minmay_misc_feat_cross
D:4:      layout_loops_ring, minmay_temple_entry_hall, minmay_bent
D:5:      layout_gridville, guppyfry_shop_venom
D:6:      layout_loops_ring
D:7:      layout_basic, minmay_misc_feat_five, nicolae_shop_firing_range
D:8:      layout_cave_pods, hellmonk_ghost_big_iron,
          hangedman_abyss_or_decor_lesser_grid, amethyst_killhole,
          chequers_serial_rivers_micro_c, chequers_serial_rivers_micro_c
D:9:      layout_basic, pdpol_wu_jian_five_deadly_venoms,
          nicolae_wooded_promenade, chequers_serial_rivers_micro_a
D:10:     layout_basic, enter_bailey_3
D:11:     regret_index_tunnel_blossom, layout_stronghold, david_orc_3,
          serial_park_tiny_1
D:12:     cheibrodos_histonic, layout_cave_pods,
          portal_ice_cave_entry_ice_simulacra, hangedman_cracks_in_the_wall,
          uniq_nergalle
D:13:     layout_roguey, david_vaults_4, nicolae_specific_store,
          chequers_serial_rivers_micro_a
D:14:     layout_loops_ring, serial_shops, nicolae_shop_trees,
          kennysheep_another_room, lightli_wizard_tower
D:15:     gammafunk_depths_entry_grave, layout_basic, serial_glass,
          glass_columns_c, glass_columns_c, glass_columns_c, glass_columns_c,
          glass_columns_a, glass_columns_b, glass_columns_b, glass_columns_a,
          glass_columns_b, glass_columns_c
Lair:1:   layout_gridlike, cheibrodos_lair_caveside_slide,
          infiniplex_staircase_pool_2
Lair:2:   layout_roguey, serial_rivers, chequers_serial_rivers_micro_b,
          chequers_serial_rivers_room_b, chequers_serial_rivers_small_a,
          chequers_serial_rivers_small_3, chequers_serial_rivers_large_b
Lair:3:   gammafunk_indiana_jones, layout_gridlike, swamp_mist
Lair:4:   layout_gridlike, minmay_snake_entry_guardpost_small, lemuel_fruit_tree
Lair:5:   layout_long_grid, minmay_slime_entry_oklob_open,
          chequers_serial_rivers_large_a, uniq_kirke
Lair:6:   wormcave, layout_regular_city, grunt_megastairs_2
Swamp:1:  nicolae_swamp_ascending_descending_big, layout_falls_marsh,
          nicolae_swamp_trees_clearing, swamp_pool1, uniq_roxanne
Swamp:2:  layout_falls_marsh, hangedman_swamp_lotus, swamp_pool3,
          nicolae_swamp_very_dense_foliage
Swamp:3:  layout_basic_swamp, evilmike_swamp_ruin_house_2, uniq_jorgrun
Swamp:4:  swamp_basic_johnstein, layout_basic_swamp
Snake:1:  layout_gridlike, serial_bayou_shore_b, serial_bayou_shore_a,
          serial_bayou_shore_b
Snake:2:  layout_chambers, gammafunk_ghost_grave, grunt_ministairs_2,
          serial_bayou_shore_b, uniq_aizul
Snake:3:  layout_basic, drop_trap, minmay_snake_pond, uniq_louise
Snake:4:  grunt_snake_rune_pools, layout_rooms, uniq_vashnia
Slime:1:  layout_caves
Slime:2:  layout_caves, uniq_dissolution
Slime:3:  layout_caves, cheibrodos_slime_lost_civilization_6
Slime:4:  cheibrodos_slime_lost_civilization_8, layout_caves
Slime:5
Orc:1:    layout_caves
Orc:2:    grunt_orc_gardens, layout_diamond_mine, grunt_orc_garden,
          grunt_orc_garden, grunt_orc_garden, grunt_orc_garden, enter_volcano_2,
          serial_shops, shop_fountains, minmay_orc_treasury
Elf:1:    nicolae_elf_arrival_no_cutting_in_line, layout_onion_city,
          serial_shops, shop, evilmike_minifort, nicolae_elf_big_sculpture_3,
          minmay_shop_star
Elf:2:    nicolae_elf_blades_crystal_corner, layout_gridlike
Vaults:1: nicolae_vaults_bisected_slash, v_misc_3, nicolae_vaults_rhombus_6,
          vaults_room_octagon, nicolae_vaults_arrows, v_misc_23,
          ontoclasm_vaults_chip, v_misc_30, v_misc_32, ontoclasm_vaults_gallery,
          nicolae_vaults_little_squares_2, ontoclasm_vaults_loading_screen,
          layout_vaults_chaotic_city
Vaults:2: v_rooms_4, v_misc_14, minmay_crypt_entry_simple_corners, v_rooms_6,
          nicolae_vaults_big_ls, ontoclasm_vaults_tryst,
          dpeg_vaults_monster_box, ontoclasm_vaults_ring_large, v_misc_4,
          ontoclasm_vaults_idyll, hangedman_vaults_capsules,
          ontoclasm_vaults_decontamination, layout_vaults_maze_snakey,
          uniq_saint_roka
Vaults:3: nicolae_vaults_shelves_hall, v_alt_pattern_4, v_pattern_5, v_rooms_4,
          hangedman_vaults_stretched_pinwheel, ontoclasm_vaults_chip, v_misc_13,
          vaults_room_semicircle, layout_vaults_quadrants, uniq_jory
Vaults:4: hangedman_vaults_cutoff, vaults_dpeg_cross, v_misc_3,
          ontoclasm_vaults_chip, hangedman_vaults_stagger, st_octagons_2,
          v_alt_pattern_6, vaults_room_grunt_arrival_checkpoint,
          nicolae_vaults_little_squares_6, v_misc_22, vaults_room_ringed_pool,
          serial_ice_g, vaults_dpeg_ring, ontoclasm_vaults_fault,
          layout_vaults_omnibox, uniq_sojobo
Crypt:1:  layout_misc_corridors, grunt_crypt_arrival_webbed,
          lemuel_upstairs_altar
Crypt:2:  layout_gridlike
Crypt:3:  lightli_unholy_cathedral, layout_chaotic_city,
          nicolae_tomb_entry_unfolded_pyramid_diagonal
Depths:1: layout_basic, enter_ziggurat_c, minmay_misc_feat_diagonals,
          serial_shops, nicolae_shop_temple_entry_statues_fountains,
          grunt_metal_band, abyss_entry, minmay_fountain_box, tso_altar
Depths:2: minmay_sliced_demisemicircle, layout_long_grid, serial_shops, shop,
          abyss_entry_flame_altar, hell_entry, rand_demon_pan_entry_1,
          nicolae_burly_brawl, minmay_shoptagon, serial_bayou_shore_b
Depths:3: minmay_open_boxes_in_corner, layout_gridlike,
          abyss_entry_small_statue_room, hell_entry, serial_bayou_pond_a,
          minmay_staircase_bubble, firewood_loft,
          roderic_lattice_octagonal_star, minmay_shop_grove
Depths:4: grunt_x_marks_the_spot, layout_gridlike,
          minmay_misc_feat_four_crosses, grunt_pan_entry_spiral, hell_entry,
          nicolae_shop_self_help, uniq_enchantress
Zot:1:    cheibrodos_zot_enchanting_chambers, layout_onion_interference,
          st_stairs_1
Zot:2:    layout_gridlike, lemuel_elevator
Zot:3:    layout_gridlike, zot_minivault_1
Zot:4:    kennysheep_blocky_room, layout_twisted_circle
Zot:5:    layout_basic, grunt_megastairs_5

Notes
Turn   | Place    | Note
-------+----------+-------------------------------------------
     0 | D:1      | swappor the Minotaur Berserker began the quest for the Orb.
     0 | D:1      | Reached XP level 1. HP: 19/19 MP: 0/0
     0 | D:1      | magus.rc [v1.11.2]
    87 | D:1      | Reached skill level 4 in Axes
   155 | D:1      | Reached XP level 2. HP: 23/26 MP: 1/1
   394 | D:1      | You fall into a shaft and drop 1 floor!
   405 | D:2      | Reached skill level 5 in Axes
   411 | D:2      | Reached XP level 3. HP: 30/31 MP: 2/2
   992 | D:1      | Found Nungom's Antique Weapon Boutique.
  1117 | D:2      | Noticed a golden eye
  1132 | D:2      | Found a faded altar of an unknown god.
  1151 | D:2      | Noticed a shining eye
  1153 | D:2      | Noticed a floating eye
  1162 | D:2      | Noticed a golden eye
  1983 | D:3      | Reached ** piety under Trog
  1984 | D:3      | Reached XP level 4. HP: 30/39 MP: 3/3
  2076 | D:3      | Reached skill level 6 in Axes
  2128 | D:3      | Reached skill level 4 in Fighting
  2388 | D:3      | Reached skill level 5 in Fighting
  2388 | D:3      | Reached XP level 5. HP: 48/48 MP: 4/4
  3057 | D:4      | Reached skill level 6 in Fighting
  3068 | D:4      | Reached skill level 1 in Evocations
  3226 | D:4      | Reached XP level 6. HP: 57/57 MP: 5/5
  3355 | D:4      | Found a staircase to the Ecumenical Temple.
  3680 | D:4      | Reached skill level 2 in Evocations
  3901 | D:5      | Entered Level 5 of the Dungeon
  3982 | D:5      | Reached skill level 3 in Evocations
  4339 | D:5      | Reached skill level 4 in Evocations
  4479 | D:5      | Reached XP level 7. HP: 63/63 MP: 6/6
  4633 | D:5      | Found Fog Odd's Serpentskin Sales.
  4961 | D:5      | Reached skill level 5 in Evocations
  4995 | D:5      | Reached skill level 7 in Fighting
  5659 | D:6      | You pick up a book of Dreams {forbidden} and begin
                  | reading...
  5659 | D:6      | You add the spells Ensorcelled Hibernation and Spider Form
                  | to your library.
  5676 | D:6      | Reached XP level 8. HP: 65/73 MP: 7/7
  5731 | D:6      | Reached skill level 7 in Axes
  5977 | D:6      | Reached skill level 8 in Axes
  6169 | D:6      | Reached skill level 9 in Axes
  6256 | D:6      | Reached *** piety under Trog
  7138 | D:7      | Reached skill level 10 in Axes
  7165 | D:7      | Reached skill level 8 in Fighting
  7272 | D:7      | Found Wuskeive's Firing Range.
  7501 | D:7      | Reached skill level 9 in Fighting
  7501 | D:7      | Reached XP level 9. HP: 47/83 MP: 8/8
  7777 | D:7      | You are sucked into a shaft and drop 2 floors!
  7804 | D:9      | Found Ohufesom's Book Emporium.
  7839 | D:9      | Noticed a two-headed ogre
  7841 | D:9      | Killed an unseen horror
  7845 | D:9      | Reached skill level 10 in Fighting
  7845 | D:9      | magus.rc [v1.11.2]
  7936 | D:8      | Reached skill level 3 in Armour
  7984 | D:8      | Reached skill level 4 in Armour
  7992 | D:8      | Reached skill level 5 in Armour
  8003 | D:8      | Reached skill level 6 in Armour
  8015 | D:8      | Reached skill level 7 in Armour
  8324 | D:7      | Reached **** piety under Trog
  8444 | D:7      | Identified the +1 robe of Kudghun {rElec rN++}
  8461 | D:7      | Reached skill level 8 in Armour
  8717 | D:7      | Identified a scroll of acquirement
  8717 | D:7      | Acquired a +2 crystal plate armour
  8728 | D:7      | You finish putting on your +2 crystal plate armour {rare}.
  8820 | D:8      | Found a runed translucent door.
  8820 | D:8      | Noticed timneilson's ghost (novice GrFi)
  8851 | D:8      | Noticed a troll
  8862 | D:8      | Killed a troll
  9594 | D:8      | Killed timneilson's ghost
  9595 | D:8      | Reached skill level 11 in Fighting
  9595 | D:8      | Reached XP level 10. HP: 83/97 MP: 9/9
  9771 | D:8      | You add the spells Sandblast, Stone Arrow, Lee's Rapid
                  | Deconstruction and Iron Shot to your library.
  9771 | D:8      | Got the Guide on the Rocks {forbidden}
 10266 | D:9      | Killed a two-headed ogre
 10267 | D:9      | Reached skill level 12 in Fighting
 10616 | D:9      | You add the spells Ozocubu's Armour and Ozocubu's
                  | Refrigeration to your library.
 10660 | D:9      | Reached skill level 13 in Fighting
 11163 | D:9      | You add the spells Hailstorm and Ignition to your library.
 11163 | D:9      | Got the Tome of the Volcanoes and Cold {forbidden}
 11494 | D:9      | your +2 crystal plate armour {rare} glows green for a
                  | moment.
 11637 | D:10     | Entered Level 10 of the Dungeon
 11835 | D:10     | Reached skill level 14 in Fighting
 12122 | D:10     | Noticed a two-headed ogre
 12188 | D:10     | Found a flagged portal.
 12198 | D:10     | Killed a two-headed ogre
 12199 | D:10     | Reached skill level 15 in Fighting
 12199 | D:10     | Reached skill level 1 in Shields
 12205 | D:10     | Reached skill level 2 in Shields
 12205 | D:10     | Reached XP level 11. HP: 112/112 MP: 10/10
 12215 | Bailey   | Entered a bailey
 12341 | Bailey   | Noticed an orc knight
 12373 | Bailey   | Reached skill level 3 in Shields
 12414 | Bailey   | Reached ***** piety under Trog
 12415 | Bailey   | Reached skill level 4 in Shields
 12434 | Bailey   | Killed an orc knight
 12435 | Bailey   | Reached skill level 5 in Shields
 13766 | D:11     | Reached skill level 11 in Axes
 13766 | D:11     | Noticed a two-headed ogre
 13894 | D:10     | Killed a two-headed ogre
 14195 | D:11     | Reached skill level 12 in Axes
 14449 | D:11     | Noticed a soul eater
 14624 | D:11     | Noticed a boulder beetle
 14633 | D:11     | Killed a boulder beetle
 14634 | D:11     | Reached skill level 13 in Axes
 14903 | D:11     | Found a staircase to the Orcish Mines.
 15050 | D:11     | Noticed a two-headed ogre
 15059 | D:11     | Killed a two-headed ogre
 15102 | D:11     | Reached skill level 14 in Axes
 15193 | D:11     | You pick up a book of Scorching {forbidden} and begin
                  | reading...
 15193 | D:11     | You add the spells Scorch, Flame Wave and Summon Cactus
                  | Giant to your library.
 15322 | D:11     | Noticed a two-headed ogre
 15335 | D:11     | Killed a two-headed ogre
 15336 | D:11     | Reached XP level 12. HP: 119/119 MP: 11/11
 15532 | D:11     | Reached skill level 15 in Axes
 16243 | D:11     | Found a staircase to the Lair.
 16508 | D:5      | Bought a +0 cloak of poison resistance for 110 gold pieces
 16699 | D:11     | y - a +3 crystal plate armour (worn) {rare}
 16730 | Lair:1   | Entered Level 1 of the Lair of Beasts
 17498 | Lair:1   | Reached skill level 16 in Axes
 18086 | Lair:2   | Noticed a five-headed hydra
 18098 | Lair:2   | Killed a five-headed hydra
 18099 | Lair:2   | Reached skill level 17 in Axes
 18402 | Lair:2   | Found the +5 robe of Night {Dark Will+ SInv}
 19008 | Lair:3   | You add the spells Borgnjor's Revivification, Necromutation
                  | and Death's Door to your library.
 19094 | Lair:3   | Reached skill level 18 in Axes
 19555 | Lair:3   | Noticed an eight-headed hydra
 19563 | Lair:3   | Killed an eight-headed hydra
 19564 | Lair:3   | Reached skill level 16 in Fighting
 19564 | Lair:3   | Reached XP level 13. HP: 128/128 MP: 12/12
 19783 | Lair:3   | Found a staircase to the Swamp.
 20150 | Lair:3   | Found the +4 dagger "Morg" {pain, Will+ Int+5}
 20576 | Lair:4   | Reached skill level 17 in Fighting
 20689 | Lair:4   | Found a staircase to the Snake Pit.
 21413 | Lair:4   | Acquired 1094 gold pieces
 21414 | Lair:4   | Acquired 1019 gold pieces
 21673 | Lair:4   | Identified the +5 scale mail of an ice cave {Fly MP+9}
 22030 | Lair:5   | Noticed Kirke
 22042 | Lair:5   | Reached skill level 18 in Fighting
 22064 | Lair:5   | Noticed a sphinx
 22066 | Lair:5   | Killed Kirke
 22390 | Lair:5   | Reached skill level 19 in Fighting
 22476 | Lair:5   | Found a staircase to the Slime Pits.
 23251 | Lair:5   | Reached skill level 20 in Fighting
 23257 | Lair:5   | Received a gift from Trog
 23258 | Lair:5   | Reached XP level 14. HP: 139/148 MP: 13/13
 23391 | Lair:6   | Entered Level 6 of the Lair of Beasts
 23414 | Lair:6   | Reached skill level 6 in Shields
 23505 | Lair:6   | Reached skill level 7 in Shields
 23849 | Lair:6   | Reached skill level 8 in Shields
 23954 | Lair:6   | Reached skill level 9 in Shields
 24396 | Lair:6   | HP: 44/222 [something (12)]
 24755 | Lair:6   | Reached skill level 10 in Shields
 24825 | Lair:6   | Found a runed translucent door.
 25012 | Lair:6   | Reached skill level 11 in Shields
 25918 | D:12     | Noticed Nergalle
 25933 | D:12     | Killed Nergalle
 25941 | D:12     | Found a frozen archway.
 25986 | IceCv    | Entered an ice cave
 25997 | IceCv    | Reached skill level 12 in Shields
 26096 | IceCv    | HP: 37/148 [entropy weaver simulacrum (10)]
 26444 | IceCv    | You pick up a book of Armaments {forbidden} and begin
                  | reading...
 26444 | IceCv    | You add the spells Animate Armour and Lehudib's Crystal
                  | Spear to your library.
 26449 | IceCv    | You pick up a book of Necromancy {forbidden} and begin
                  | reading...
 26449 | IceCv    | You add the spells Pain, Animate Skeleton and Vampiric
                  | Draining to your library.
 26643 | D:12     | Reached skill level 13 in Shields
 27077 | Orc:1    | Entered Level 1 of the Orcish Mines
 27215 | Orc:1    | You are sucked into a shaft and drop 1 floor!
 27215 | Orc:2    | Entered Level 2 of the Orcish Mines
 27215 | Orc:2    | Noticed an orc warlord
 27215 | Orc:2    | Found Ojumuar's Antique Armour Shop.
 27220 | Orc:2    | Found Katuh's General Store.
 27220 | Orc:2    | Found Jesmis's Antique Weapon Emporium.
 27271 | Orc:2    | Reached skill level 14 in Shields
 27389 | Orc:2    | Received a gift from Trog
 27397 | Orc:2    | Found Xoarghig's Weapon Shop.
 27719 | Orc:2    | Found Muitut's Jewellery Shop.
 27762 | Orc:2    | Reached XP level 15. HP: 155/155 MP: 14/14
 27933 | Orc:2    | Bought a scroll of summoning for 152 gold pieces
 27933 | Orc:2    | Bought a scroll of enchant armour for 120 gold pieces
 27933 | Orc:2    | Bought a scroll of teleportation for 48 gold pieces
 27933 | Orc:2    | your +3 crystal plate armour {rare} glows green for a
                  | moment.
 27994 | Orc:2    | Killed an orc warlord
 28114 | Orc:2    | Bought a ring of see invisible for 195 gold pieces
 28176 | Orc:2    | Bought a runed hat for 168 gold pieces
 28265 | Orc:2    | Reached skill level 15 in Shields
 28379 | Orc:2    | Noticed an orc warlord
 28411 | Orc:2    | Killed an orc warlord
 28695 | Orc:1    | Reached skill level 9 in Armour
 29368 | Orc:2    | Found a staircase to the Elven Halls.
 29522 | Orc:2    | Identified the +4 long sword of Tenacity {elec, rC+ Stlth+}
 29594 | Orc:2    | Noticed an orc warlord
 29615 | Orc:2    | Killed an orc warlord
 29921 | D:12     | Reached skill level 10 in Armour
 29947 | D:12     | Found a runed translucent door.
 30018 | D:12     | You pick up a book of Dreams {forbidden} and begin
                  | reading...
 30181 | D:12     | Received a gift from Trog
 30244 | D:12     | Found a runed translucent door.
 30317 | D:12     | Reached skill level 11 in Armour
 30390 | D:12     | Reached skill level 12 in Armour
 30793 | D:13     | Reached skill level 13 in Armour
 31087 | D:12     | HP: 23/155 [ettin (31)]
 31842 | D:13     | HP: 29/155 [fire dragon/blast of flame (66)]
 32671 | D:13     | Found Vub Ylui's General Store.
 32673 | D:13     | Found Vewnam's Specific Store.
 32716 | D:13     | Reached skill level 14 in Armour
 32761 | D:13     | Found a gate to the Vaults.
 32842 | D:14     | You are cast into the Abyss!
 32842 | D:14     | Cast into level 2 of the Abyss (a wizard)
 33001 | Abyss:2  | Noticed a tentacled starspawn
 33081 | Abyss:2  | Identified the +10 hunting sling "Joocvedezu" {freeze, rC+
                  | Dex+3}
 33117 | Abyss:2  | Noticed a tentacled starspawn
 33166 | Abyss:2  | Killed a tentacled starspawn
 33207 | Abyss:2  | Noticed a lich
 33272 | Abyss:5  | Entered Level 5 of the Abyss
 33306 | D:14     | You pass through the gate.
 33306 | D:14     | Escaped the Abyss
 33357 | D:14     | Found Ewaovvod's Distillery.
 33444 | D:13     | Gained mutation: You passively map a small area around you.
                  | [potion of mutation]
 33946 | D:14     | You pick up a book of Air {forbidden} and begin reading...
 33946 | D:14     | You add the spells Shock, Swiftness and Airstrike to your
                  | library.
 34416 | D:14     | Reached skill level 15 in Armour
 34653 | D:15     | Entered Level 15 of the Dungeon
 34699 | D:15     | Reached XP level 16. HP: 115/162 MP: 2/15
 34892 | D:15     | Found a staircase to the Depths.
 35048 | D:15     | Reached skill level 16 in Armour
 35345 | D:15     | You pick up a book of Dreams {forbidden} and begin
                  | reading...
 35718 | D:15     | Reached skill level 17 in Armour
 36085 | Elf:1    | Entered Level 1 of the Elven Halls
 36243 | Snake:1  | Entered Level 1 of the Snake Pit
 36583 | Snake:1  | You fall into a shaft and drop 1 floor!
 36983 | Snake:2  | Reached skill level 18 in Armour
 37795 | Snake:2  | Reached skill level 19 in Armour
 38081 | Snake:2  | Noticed Aizul
 38092 | Snake:2  | Killed Aizul
 38657 | Snake:2  | Found a runed translucent door.
 38660 | Snake:2  | Noticed Cifurakhle's ghost (adept MiBe)
 38854 | Snake:2  | Killed Cifurakhle's ghost
 39402 | Snake:1  | Reached skill level 20 in Armour
 39486 | Snake:1  | Reached skill level 3 in Dodging
 39713 | Snake:1  | Received a gift from Trog
 39815 | Snake:1  | Reached skill level 4 in Dodging
 40302 | Snake:3  | Reached XP level 17. HP: 170/170 MP: 16/16
 40412 | Snake:3  | Reached skill level 5 in Dodging
 40552 | Snake:3  | Noticed Louise
 40577 | Snake:3  | Killed Louise
 40630 | Snake:3  | Reached skill level 6 in Dodging
 40780 | Snake:3  | Reached skill level 7 in Dodging
 41063 | Snake:3  | Reached skill level 8 in Dodging
 41443 | Snake:3  | Reached skill level 9 in Dodging
 41729 | Snake:4  | Entered Level 4 of the Snake Pit
 42167 | Snake:4  | Noticed Vashnia
 42696 | Snake:4  | Reached skill level 16 in Shields
 42824 | Snake:4  | Killed Vashnia
 43142 | Snake:4  | Identified the +4 war axe of Sunlight {flame, rF++ rC-}
                  | (Trog gifted it to you on level 4 of the Snake Pit)
 43142 | Snake:4  | Received a gift from Trog
 43215 | Snake:4  | Reached skill level 17 in Shields
 43221 | Snake:4  | Identified a +2 robe of the Archmagi
 43374 | Snake:4  | HP: 41/170 [poisoned by a nagaraja (bolt of poison)]
 43379 | Snake:4  | HP: 41/170 [poisoned by a nagaraja (bolt of poison)]
 43725 | Snake:4  | Reached skill level 18 in Shields
 43909 | Snake:4  | Got a serpentine rune of Zot
 44434 | Swamp:1  | Entered Level 1 of the Swamp
 45035 | Swamp:1  | Reached XP level 18. HP: 157/178 MP: 17/17
 45426 | Swamp:1  | Identified Roxanne's Papyrus of the Rocks
 45426 | Swamp:1  | Noticed Roxanne
 45434 | Swamp:1  | Killed Roxanne
 45435 | Swamp:1  | Reached skill level 19 in Shields
 45436 | Swamp:1  | You add the spells Passwall, Borgnjor's Vile Clutch and
                  | Statue Form to your library.
 46176 | Swamp:2  | your +4 crystal plate armour {rare} glows green for a
                  | moment.
 46689 | Swamp:2  | Received a gift from Trog
 46874 | Swamp:3  | your +5 crystal plate armour {rare} glows green for a
                  | moment.
 46942 | Swamp:3  | You pick up a book of the Hunter {forbidden} and begin
                  | reading...
 46942 | Swamp:3  | You add the spells Call Canine Familiar, Portal Projectile
                  | and Leda's Liquefaction to your library.
 46979 | Swamp:3  | Reached skill level 20 in Shields
 47044 | Swamp:3  | Noticed Jorgrun
 47070 | Swamp:3  | Killed Jorgrun
 47214 | Swamp:3  | You pick up a book of the Warp {forbidden} and begin
                  | reading...
 47214 | Swamp:3  | You add the spells Dispersal and Disjunction to your
                  | library.
 47639 | Swamp:4  | Entered Level 4 of the Swamp
 47952 | Swamp:4  | You pick up a book of Chaos {forbidden} and begin
                  | reading...
 47952 | Swamp:4  | You add the spells Conjure Ball Lightning and Discord to
                  | your library.
 48115 | Swamp:4  | Reached skill level 21 in Shields
 48984 | Swamp:4  | You pick up a book of Blood {forbidden} and begin
                  | reading...
 48984 | Swamp:4  | You add the spells Sublimation of Blood, Wereblood and
                  | Summon Hydra to your library.
 49047 | Swamp:4  | Got a decaying rune of Zot
 49644 | Elf:1    | Received a gift from Trog
 49665 | Elf:1    | Reached skill level 22 in Shields
 50085 | Elf:1    | Identified the +5 ring mail of Objectivity {Int-2 SInv
                  | Stlth+}
 50497 | Elf:1    | Received a gift from Trog
 50500 | Elf:1    | Reached XP level 19. HP: 153/185 MP: 18/18
 50670 | Elf:1    | Reached skill level 23 in Shields
 51407 | Elf:1    | Found Yngangaahu's Antique Weapon Shoppe.
 51657 | Elf:1    | Found Zounid's General Store.
 51661 | Elf:1    | Found Jozxec Zejun's Antique Armour Shop.
 51662 | Elf:1    | Found Acirghoqy's Distillery.
 51669 | Elf:1    | Bought a potion of haste for 130 gold pieces
 52301 | Elf:2    | Reached skill level 24 in Shields
 52328 | Elf:2    | Found a runed translucent gate.
 52329 | Elf:2    | Found a runed translucent gate.
 52329 | Elf:2    | Found a runed translucent gate.
 52353 | Elf:2    | Received a gift from Trog
 52832 | Elf:2    | Paralysed by an air elemental for 1 turns
 52835 | Elf:2    | Paralysed by an air elemental for 1 turns
 53602 | Elf:2    | HP: 27/185 [deep elf zephyrmancer/bolt of lightning (32)]
 53607 | Elf:2    | HP: 11/185 [+4 scimitar of electrocution (6)]
 54145 | Elf:2    | Reached skill level 25 in Shields
 54638 | Elf:2    | Reached skill level 10 in Dodging
 54949 | Vaults:1 | Entered Level 1 of the Vaults
 54988 | Vaults:1 | Received a gift from Trog
 55236 | Vaults:1 | Reached skill level 11 in Dodging
 55940 | Vaults:1 | Reached skill level 12 in Dodging
 56215 | Vaults:1 | Acquired the ring "Feot" {rElec rPois rCorr Int-4 Dex+6}
 56281 | Vaults:1 | You pick up a book of the Tundra {forbidden} and begin
                  | reading...
 56281 | Vaults:1 | You add the spells Ice Form and Simulacrum to your library.
 56447 | Vaults:1 | Reached XP level 20. HP: 193/193 MP: 19/19
 56528 | Vaults:1 | Reached skill level 13 in Dodging
 56529 | Vaults:1 | Received a gift from Trog
 57512 | Vaults:1 | Reached skill level 14 in Dodging
 57931 | Vaults:1 | Reached skill level 15 in Dodging
 58504 | Vaults:2 | Reached skill level 16 in Dodging
 58543 | Vaults:2 | Found a staircase to the Crypt.
 58571 | Vaults:2 | Identified the +2 falchion "Arcanum" {flame, rF+ Will+
                  | Str-2}
 58609 | Vaults:2 | your +6 crystal plate armour {rare} glows green for a
                  | moment.
 58679 | Vaults:2 | Identified the +16 plate armour of Dogmatism {Rampage}
 58686 | Vaults:2 | You finish taking off your +7 crystal plate armour {rare}.
 58691 | Vaults:2 | You drop a +7 crystal plate armour {rare}.
 58789 | Vaults:2 | You pick up a book of Armaments {forbidden} and begin
                  | reading...
 58911 | Vaults:2 | Noticed Saint Roka
 58937 | Vaults:2 | Killed Saint Roka
 58944 | Vaults:2 | Received a gift from Trog
 59519 | Vaults:3 | You pick up a book of Cantrips {forbidden} and begin
                  | reading...
 59519 | Vaults:3 | You add the spells Summon Small Mammal and Apportation to
                  | your library.
 59681 | Vaults:3 | Reached skill level 17 in Dodging
 60008 | Vaults:3 | Noticed Jory
 60030 | Vaults:3 | Killed Jory
 60406 | Vaults:3 | Reached skill level 18 in Dodging
 60869 | Vaults:3 | Reached XP level 21. HP: 201/201 MP: 20/20
 61345 | Vaults:4 | Received a gift from Trog
 61388 | Vaults:4 | Reached skill level 19 in Dodging
 61854 | Vaults:4 | Identified the +3 shortbow of the Eight Seers {venom, rN+
                  | Str+2 Int+3}
 61954 | Vaults:4 | Noticed Sojobo
 61984 | Vaults:4 | Killed Sojobo
 62237 | Vaults:4 | Reached skill level 20 in Dodging
 62849 | Crypt:1  | Entered Level 1 of the Crypt
 62892 | Crypt:1  | Received a gift from Trog
 62893 | Crypt:1  | Reached skill level 6 in Evocations
 63130 | Crypt:1  | Reached skill level 7 in Evocations
 63534 | Crypt:1  | Reached skill level 8 in Evocations
 63668 | Crypt:1  | Identified the +1 chain mail "Vibby" {Str+4}
 64001 | Crypt:1  | You pick up a book of Transfigurations {forbidden} and
                  | begin reading...
 64001 | Crypt:1  | You add the spells Irradiate, Blade Hands and Dragon Form
                  | to your library.
 64523 | Crypt:2  | You pick up a book of Fire {forbidden} and begin reading...
 64523 | Crypt:2  | You add the spells Fireball and Starburst to your library.
 64574 | Crypt:2  | Reached skill level 9 in Evocations
 64616 | Crypt:2  | Received a gift from Trog
 64949 | Crypt:2  | Noticed a curse skull
 64956 | Crypt:2  | Killed a curse skull
 64957 | Crypt:2  | Reached skill level 10 in Evocations
 65208 | Crypt:3  | Entered Level 3 of the Crypt
 65317 | Crypt:3  | Found a staircase to the Tomb.
 65506 | Crypt:3  | Noticed a curse skull
 65517 | Crypt:3  | Killed a curse skull
 65525 | Crypt:3  | Identified the +1 ring mail of the Grue {rF+ rC+}
 65545 | Crypt:3  | Received a gift from Trog
 65702 | Crypt:3  | Reached skill level 11 in Evocations
 65892 | Crypt:3  | Reached XP level 22. HP: 201/203 MP: 21/21
 65994 | Crypt:3  | Reached skill level 12 in Evocations
 66008 | Crypt:3  | HP: 41/209 [something (22)]
 66609 | Crypt:3  | Found a basalt altar of Yredelemnul.
 66609 | Crypt:3  | Found an ancient bone altar of Kikubaaqudgha.
 66609 | Crypt:3  | Noticed a curse toe
 66949 | Crypt:3  | HP: 29/209 [??? (27)]
 66950 | Crypt:3  | Killed a curse toe
 67575 | Crypt:3  | Found the +8 Vampire's Tooth {vamp}
 67581 | Crypt:3  | Identified the +1 steam dragon scales of the Comet {+Blink
                  | Fly rF+}
 68024 | Depths:1 | Entered Level 1 of the Depths
 68094 | Depths:1 | Identified the +6 hand axe of Judgement {vorpal, Fly rC-
                  | MP-9 Dex+8} (Trog gifted it to you on level 1 of the
                  | Depths)
 68094 | Depths:1 | Received a gift from Trog
 68095 | Depths:1 | Reached skill level 13 in Evocations
 68444 | Depths:1 | Found a glowing golden altar of the Shining One.
 68636 | Depths:1 | Found a gateway to a ziggurat.
 68645 | Depths:1 | Found Umasoom's Jewellery Boutique.
 68663 | Depths:1 | Found a one-way gate to the infinite horrors of the Abyss.
 68697 | Depths:1 | Noticed Margery
 68705 | Depths:1 | Killed Margery
 68774 | Depths:1 | Found a gateway to Hell.
 68906 | Depths:1 | Reached skill level 14 in Evocations
 69280 | Depths:2 | You pick up a book of Displacement {forbidden} and begin
                  | reading...
 69280 | Depths:2 | You add the spells Lesser Beckoning, Gell's Gravitas and
                  | Teleport Other to your library.
 69315 | Depths:2 | Found Riaqaid's Armour Emporium.
 69459 | Depths:2 | Acquired the amulet "Veeges" {RegenMP Drain Will+ Str+2
                  | Dex+2}
 69866 | Depths:2 | Reached skill level 15 in Evocations
 70062 | Depths:2 | Received a gift from Trog
 70255 | Depths:2 | Found a one-way gate leading to the halls of Pandemonium.
 70781 | Depths:2 | Found Nuwogguf's Magic Scroll Emporium.
 70783 | Depths:2 | Found Qaanioco's Book Shoppe.
 70783 | Depths:2 | Found Loddy's Antique Weapon Emporium.
 70795 | Depths:2 | Found Enethag's Antique Weapon Shoppe.
 70819 | Depths:2 | Bought a scroll of summoning for 171 gold pieces
 70819 | Depths:2 | Bought a scroll of enchant armour for 135 gold pieces
 70855 | Depths:2 | Found a corrupted altar of Lugonu.
 71441 | Depths:3 | Reached skill level 21 in Fighting
 71913 | Depths:3 | Found Moasteko's Book Emporium.
 71914 | Depths:3 | Found Ragagi Toazo's Jewellery Boutique.
 71915 | Depths:3 | Found Quxzud's Book Emporium.
 72058 | Depths:3 | Reached XP level 23. HP: 221/221 MP: 22/22
 72302 | Depths:3 | Reached skill level 22 in Fighting
 72499 | Depths:3 | Received a gift from Trog
 73203 | Depths:4 | Entered Level 4 of the Depths
 73493 | Depths:4 | Reached skill level 23 in Fighting
 73890 | Depths:4 | the Enchantress comes into view. She is wielding a +5 flail
                  | of draining, wearing the +5 faerie dragon scales {rCorr
                  | Int+2} and wearing a +1 buckler of protection.
 73890 | Depths:4 | Noticed the Enchantress
 73893 | Depths:4 | Here: the Enchantress, wielding a +5 flail of draining,
                  | wearing the +5 faerie dragon scales {rCorr Int+2} and
                  | wearing a +1 buckler of protection (fast, repelling
                  | missiles)
 73893 | Depths:4 | Here: the Enchantress, wielding a +5 flail of draining,
                  | wearing the +5 faerie dragon scales {rCorr Int+2} and
                  | wearing a +1 buckler of protection (fast, repelling
                  | missiles)
 73909 | Depths:4 | Killed the Enchantress
 73912 | Depths:4 | Received a gift from Trog
 74080 | Depths:4 | Reached skill level 24 in Fighting
 74366 | Depths:4 | +0 storm dragon scales {rare}; a storm dragon skeleton
 74368 | Depths:4 | +0 shadow dragon scales {rare}; a shadow dragon skeleton
 74394 | Depths:4 | +0 storm dragon scales {rare}; a storm dragon skeleton
 74594 | Depths:4 | Found Tountuk's Self-Improvement Boutique.
 74977 | Depths:4 | Found a gate to the Realm of Zot.
 75044 | Depths:4 | Noticed a juggernaut
 75064 | Depths:4 | Killed a juggernaut
 75495 | Depths:1 | Bought a ring of resist corrosion for 360 gold pieces
 75495 | Depths:1 | Bought a ring of protection from cold for 450 gold pieces
 75759 | Slime:1  | Entered Level 1 of the Pits of Slime
 76407 | Slime:2  | Reached skill level 25 in Fighting
 76667 | Slime:2  | Noticed Dissolution
 76674 | Slime:2  | Paralysed by a floating eye for 2 turns
 76678 | Slime:2  | Killed Dissolution
 77229 | Slime:3  | Reached skill level 19 in Axes
 77325 | Slime:5  | Entered Level 5 of the Pits of Slime
 77363 | Slime:5  | Gained mutation: You are occasionally teleported next to
                  | monsters. [a shining eye]
 77480 | Slime:5  | Noticed the Royal Jelly
 77495 | Slime:5  | Reached XP level 24. HP: 154/242 MP: 22/22
 77826 | Slime:5  | Killed the Royal Jelly
 77827 | Slime:5  | Reached skill level 20 in Axes
 78077 | Slime:5  | Gained mutation: You occasionally shout uncontrollably at
                  | your foes. [a shining eye]
 78079 | Slime:5  | Gained mutation: Your spells are a little easier to cast,
                  | but a little less powerful. [a shining eye]
 78099 | Slime:5  | Identified the +2 scale mail of the Ecumenical Temple {Fly}
 78102 | Slime:5  | Got a slimy rune of Zot
 78116 | Slime:5  | You add the spells Call Imp, Confusing Touch and Malign
                  | Gateway to your library.
 78116 | Slime:5  | Got Ysmuw's Collected Works on Creative Malediction
                  | {forbidden}
 78186 | Slime:5  | You pick up a book of Maledictions {forbidden} and begin
                  | reading...
 78230 | Slime:5  | Identified the +0 scale mail of Etieroub {*Slow rN+ Int+4}
 79286 | Elf:1    | Bought a potion of mutation for 104 gold pieces
 79286 | Elf:1    | Bought a potion of mutation for 104 gold pieces
 79287 | Elf:1    | Lost mutation: Your spells are a little easier to cast, but
                  | a little less powerful. [potion of mutation]
 79287 | Elf:1    | Lost mutation: You passively map a small area around you.
                  | [potion of mutation]
 79287 | Elf:1    | Lost mutation: You occasionally shout uncontrollably at
                  | your foes. [potion of mutation]
 79287 | Elf:1    | Gained mutation: You are covered in fur. (AC +1) [potion of
                  | mutation]
 79288 | Elf:1    | Lost mutation: You are occasionally teleported next to
                  | monsters. [potion of mutation]
 79288 | Elf:1    | Gained mutation: You possess an exceptional clarity of
                  | mind. [potion of mutation]
 79288 | Elf:1    | Gained mutation: You have a pair of large horns on your
                  | head. [potion of mutation]
 79288 | Elf:1    | Gained mutation: You have large cloven feet. [potion of
                  | mutation]
 79745 | Zot:1    | Entered Level 1 of the Realm of Zot
 79783 | Zot:1    | +0 storm dragon scales {rare}; a storm dragon corpse
 80214 | Depths:4 | Reached skill level 21 in Axes
 80955 | Zot:1    | You pick up a book of Transfigurations {forbidden} and
                  | begin reading...
 81281 | Zot:1    | Noticed a Killer Klown
 81296 | Zot:1    | Killed a Killer Klown
 81337 | Zot:1    | A purple draconian is wielding the +8 lance "Wyrmbane"
                  | {slay drac, rPois rF+ rC+ AC+3}.
 81376 | Depths:4 | Reached skill level 22 in Axes
 81820 | Zot:1    | +0 storm dragon scales {rare}; a +0 flail; a +0 hand axe
 82136 | Zot:1    | +0 storm dragon scales {rare}; a +0 flail; a +0 hand axe
 82432 | Zot:1    | Noticed a Killer Klown
 82446 | Zot:1    | Killed a Killer Klown
 82479 | Zot:1    | You fall into a shaft and drop 1 floor!
 82918 | Zot:1    | Reached skill level 23 in Axes
 83132 | Zot:1    | Noticed a Killer Klown
 83136 | Zot:1    | a Killer Klown changed into an iron troll
 83567 | Zot:2    | +0 shadow dragon scales {rare}; a shadow dragon corpse
 83578 | Zot:2    | You pick up a book of Flames {forbidden} and begin
                  | reading...
 83578 | Zot:2    | You add the spells Foxfire, Conjure Flame and Inner Flame
                  | to your library.
 83602 | Zot:2    | Noticed a curse toe
 83625 | Zot:2    | Killed a curse toe
 84146 | Zot:2    | +0 storm dragon scales {rare}; a storm dragon corpse
 84163 | Zot:2    | +0 storm dragon scales {rare}; a storm dragon corpse
 84177 | Zot:2    | +0 storm dragon scales {rare}; a storm dragon corpse
 84299 | Zot:2    | +0 storm dragon scales {rare}; a storm dragon skeleton
 84323 | Zot:2    | +0 storm dragon scales {rare}; a storm dragon skeleton
 84736 | Zot:2    | Identified +0 gold dragon scales
 84737 | Zot:2    | Reached skill level 24 in Axes
 84738 | Zot:2    | +0 gold dragon scales {rare}; a golden dragon corpse
 84917 | Zot:2    | +0 gold dragon scales {rare}; a golden dragon corpse
 84967 | Zot:2    | a +1 mace of protection; +0 shadow dragon scales {rare}
 85105 | Zot:2    | a +1 mace of protection; +0 shadow dragon scales {rare}
 85134 | Zot:2    | +0 gold dragon scales {rare}; a golden dragon skeleton
 85321 | Zot:3    | You add the spells Ignite Poison and Sticky Flame to your
                  | library.
 85550 | Zot:3    | Identified the +0 dagger of Breach {drain, Fly rCorr Int+2}
 85606 | Zot:3    | Noticed a Killer Klown
 85642 | Zot:2    | Killed a Killer Klown
 85833 | Zot:3    | Reached XP level 25. HP: 211/249 MP: 2/22
 85943 | Zot:3    | quicksilver dragon scales {rare}; a quicksilver dragon
                  | corpse
 85971 | Zot:3    | Reached skill level 25 in Axes
 86066 | Zot:3    | You pick up a book of Unlife {forbidden} and begin
                  | reading...
 86066 | Zot:3    | You add the spells Animate Dead and Death Channel to your
                  | library.
 86119 | Zot:3    | HP: 61/249 [something/bolt of lightning (28)]
 86124 | Zot:3    | HP: 33/249 [something/bolt of lightning (31)]
 86128 | Zot:3    | HP: 1/249 [black draconian knight/bolt of lightning (33)]
 87619 | Zot:3    | quicksilver dragon scales {rare}; a quicksilver dragon
                  | corpse
 87699 | Zot:4    | Reached skill level 21 in Armour
 89163 | Zot:4    | Identified +0 gold dragon scales
 89164 | Zot:4    | Reached skill level 22 in Armour
 89165 | Zot:4    | +0 gold dragon scales {rare}; a golden dragon corpse
 89263 | Zot:4    | Received a gift from Trog
 89603 | Zot:3    | quicksilver dragon scales {rare}; a quicksilver dragon
                  | corpse
 89786 | Zot:3    | quicksilver dragon scales {rare}; a quicksilver dragon
                  | corpse
 90015 | Zot:3    | quicksilver dragon scales {rare}; a quicksilver dragon
                  | skeleton
 90017 | Zot:3    | quicksilver dragon scales {rare}; a quicksilver dragon
                  | skeleton
 90104 | Zot:4    | Noticed an orb of fire
 90113 | Zot:4    | Gained mutation: Your magical capacity is low. (-10% MP)
                  | [an orb of fire]
 90300 | Zot:4    | Gained mutation: You are clumsy. (Dex -2) [an orb of fire]
 90302 | Zot:4    | Gained mutation: Your magical capacity is very low. (-20%
                  | MP) [an orb of fire]
 90309 | Zot:4    | Gained mutation: You are weak. (Str -2) [an orb of fire]
 90311 | Zot:4    | Gained mutation: You are very clumsy. (Dex -4) [an orb of
                  | fire]
 90312 | Zot:4    | Killed an orb of fire
 90392 | Zot:4    | Identified +0 gold dragon scales
 90394 | Zot:4    | +0 gold dragon scales {rare}; a golden dragon corpse
 90404 | Zot:4    | Reached skill level 23 in Armour
 90423 | Zot:4    | HP: 53/249 [quicksilver dragon/bolt of dispelling energy
                  | (23)]
 90429 | Zot:4    | HP: 25/249 [storm dragon/bolt of lightning (6)]
 90434 | Zot:4    | quicksilver dragon scales {rare}; a +0 glaive
 91244 | Zot:4    | +0 storm dragon scales {rare}; a storm dragon corpse
 91409 | Zot:4    | Lost mutation: You are weak. (Str -2) [potion of mutation]
 91409 | Zot:4    | Lost mutation: Your magical capacity is very low. (-20% MP)
                  | [potion of mutation]
 91409 | Zot:4    | Lost mutation: You are very clumsy. (Dex -4) [potion of
                  | mutation]
 91459 | Zot:5    | Entered Level 5 of the Realm of Zot
 92368 | Zot:5    | Reached skill level 24 in Armour
 92429 | Zot:5    | Noticed a curse toe
 92438 | Zot:5    | Killed a curse toe
 92683 | Zot:5    | +0 shadow dragon scales {rare}; a shadow dragon corpse
 93263 | Zot:5    | Noticed an ancient lich
 93270 | Zot:5    | Killed an ancient lich
 93271 | Zot:5    | Reached skill level 25 in Armour
 93271 | Zot:5    | Noticed an orb of fire
 93271 | Zot:5    | Noticed an orb of fire
 93273 | Zot:5    | Noticed a dread lich
 93275 | Zot:5    | Noticed a Killer Klown
 93277 | Zot:5    | Noticed an ancient lich
 93280 | Zot:5    | Gained mutation: You sometimes lose the ability to read
                  | scrolls when taking damage. [an orb of fire]
 93283 | Zot:5    | Gained mutation: Your body sometimes deteriorates upon
                  | taking damage. [an orb of fire]
 93304 | Zot:5    | HP: 47/249 [orb of fire/fireball (23)]
 93306 | Zot:5    | HP: 15/249 [ancient lich/bolt of acid (40)]
 93313 | Zot:5    | HP: 17/249 [orb of fire/fireball (35)]
 93313 | Zot:5    | Killed from afar by an orb of fire

Vanquished Creatures
  Dissolution (Slime:2)
  the Royal Jelly (Slime:5)
  An orb of fire (Zot:4)
  An ancient lich (Zot:5)
  A juggernaut (Depths:4)
  Sojobo (Vaults:4)
  3 Killer Klowns
  Saint Roka (Vaults:2)
  Vashnia (Snake:4)
  3 curse toes
  Jory (Vaults:3)
  8 golden dragons
  A bone dragon (Crypt:2)
  the Enchantress (Depths:4)
  Jorgrun (Swamp:3)
  A walking earthen tome (Depths:3)
  9 Orb Guardians (Zot:5)
  A walking crystal tome (Depths:2)
  16 tentacled monstrosities
  5 liches
  The ghost of Cifurakhle the Executioner, an adept MiBe of Trog (Snake:2)
  14 quicksilver dragons
  17 acid blobs
  7 death cobs
  10 ancient champions
  A deep elf blademaster (Elf:2)
  A tentacled starspawn (Abyss:2)
  Kirke (Lair:5)
  3 thorn hunters
  8 shadow dragons
  5 tengu reavers
  4 nagarajas (Snake:4)
  3 sphinxes
  3 azure jellies
  Roxanne (Swamp:1)
  2 revenants (Crypt:1)
  6 rockslimes
  10 draconian monks
  9 draconian knights
  15 storm dragons
  11 frost giants
  5 fire giants
  Aizul (Snake:2)
  4 orc warlords
  13 draconian scorchers
  2 curse skulls
  9 vault wardens
  A balrug (Depths:2)
  3 ghost moths
  4 iron dragons
  Louise (Snake:3)
  7 ghouls
  4 draconian stormcallers
  A juggernaut zombie (Depths:1)
  10 draconian shifters
  10 quicksilver oozes
  A caustic shrike zombie (Crypt:2)
  12 ironbound preservers
  4 draconian annihilators
  A quicksilver ooze (shapeshifter) (D:11)
  8 stone giants
  A reaper (Crypt:2)
  5 spriggan defenders
  A juggernaut skeleton (Crypt:2)
  A war gargoyle (D:13)
  6 vampire knights
  16 green draconians
  4 very ugly things
  8 black draconians
  2 deep elf demonologists
  A deep elf annihilator (Elf:2)
  5 bunyips
  2 entropy weavers (Vaults:3)
  11 yellow draconians
  13 white draconians
  13 red draconians
  9 dire elephants
  28 purple draconians
  A deep elf death mage (Crypt:1)
  5 eleionomae
  10 ettins
  2 crystal guardians (Vaults:3)
  5 eidola
  9 jiangshi
  11 great orbs of eyes
  A deep elf high priest (Vaults:4)
  13 naga warriors
  9 yaktaur captains
  8 fire dragons
  9 rakshasas (Depths:2)
  7 ironbound thunderhulks
  2 peacekeepers (Vaults:3)
  4 ice dragons
  9 boulder beetles
  9 vault guards
  A salamander tyrant (Snake:2)
  9 spriggan air magi
  7 centaur warriors
  23 hydras
  A ghost crab (Swamp:3)
  A hell beast (Depths:4)
  10 ironbound frosthearts
  10 two-headed ogres
  9 anacondas
  2 death knights
  23 dancing weapons
  3 catoblepae
  7 alligators
  7 spriggan berserkers
  7 deep troll shamans
  7 orc high priests
  11 deep troll earth magi
  A death yak (Vaults:4)
  10 vampire magi
  6 tengu warriors
  A titan zombie (Depths:2)
  3 soul eaters
  15 hell knights
  Nergalle (D:12)
  17 deep elf knights
  18 naga sharpshooters
  12 shock serpents
  2 storm dragon zombies
  The ghost of timneilson the Blocker, a novice GrFi of Okawaru (D:8)
  A sixfirhy (Depths:4)
  10 iron trolls
  2 anaconda zombies
  A shadow wraith (Crypt:3)
  A bunyip zombie (Crypt:3)
  2 fire crabs (Lair:6)
  29 skeletal warriors
  A death drake (Swamp:1)
  58 deep trolls
  3 salamander mystics
  A flayed ghost (Crypt:1)
  5 goliath frogs
  16 deep elf archers
  5 spriggan druids
  9 wizards
  8 bog bodies
  8 sea snakes
  13 swamp dragons
  4 glowing orange brains
  A bunyip skeleton (Crypt:2)
  17 ironbound convokers
  4 naga ritualists
  4 harpies (Vaults:3)
  7 phantasmal warriors
  4 orc knights
  A harpy (shapeshifter) (D:14)
  A mana viper (shapeshifter) (Depths:2)
  An anaconda skeleton (Crypt:1)
  8 necromancers
  21 deep elf zephyrmancers
  37 ugly things
  33 deep elf pyromancers
  A frost giant zombie (Depths:1)
  10 lindwurms
  13 mana vipers
  8 orc sorcerers
  5 shining eyes
  A wolf spider (shapeshifter) (Depths:4)
  A will-o-the-wisp (Swamp:4)
  6 cyclopes
  4 stone giant zombies
  14 salamanders
  A fire giant zombie (Crypt:3)
  A goliath frog skeleton (Crypt:2)
  5 manticores
  A fire giant skeleton (Depths:1)
  3 frost giant skeletons (Depths:1)
  24 moths of wrath
  A dire elephant zombie (Crypt:1)
  A stone giant skeleton (Depths:1)
  6 guardian serpents
  A guardian serpent (shapeshifter) (Elf:1)
  A rust devil (Depths:4)
  7 naga magi
  10 cane toads
  An emperor scorpion zombie (Crypt:1)
  47 black mambas
  15 vault sentinels
  6 torpor snails
  2 smoke demons
  A shock serpent skeleton (Crypt:2)
  A black mamba (shapeshifter) (D:13)
  2 molten gargoyles
  A purple draconian zombie (Crypt:3)
  3 gargoyles
  4 eyes of devastation
  A water nymph (shapeshifter) (Depths:1)
  2 orange demons
  3 kobold demonologists
  20 yaktaurs
  2 efreet
  A dire elephant skeleton (Crypt:3)
  16 komodo dragons
  4 unseen horrors
  4 freezing wraiths
  2 rime drakes
  An iron troll zombie (Crypt:3)
  3 tengu conjurers
  2 ice devils (Depths:4)
  A guardian mummy (Crypt:3)
  2 entropy weaver simulacra (IceCv)
  A hellwing (Depths:4)
  A red devil (Depths:2)
  A harpy zombie (Crypt:3)
  A yaktaur skeleton (Vaults:2)
  A green draconian skeleton (Crypt:1)
  5 polar bears
  2 hornets (shapeshifter)
  A bloated husk (Swamp:2)
  13 hornets
  10 trolls
  A troll (shapeshifter) (Elf:1)
  10 tyrant leeches
  68 slime creatures
  9 blink frogs (Lair:6)
  A dream sheep (shapeshifter) (Elf:1)
  11 dream sheep
  3 spriggan zombies
  A tarantella zombie (Crypt:1)
  A black mamba zombie (Crypt:3)
  A shadow (Abyss:2)
  7 flying skulls
  An air elemental (Elf:2)
  11 spriggans
  12 wraiths
  2 ynoxinuls
  2 vampires (Crypt:3)
  82 yaks
  4 redbacks (Vaults:3)
  3 wyverns
  7 water elementals
  8 basilisks
  4 fire bats
  2 neqoxecs
  A small abomination (Abyss:2)
  3 fire elementals (Elf:1)
  7 hogs (Lair:5)
  A steam dragon (D:10)
  3 vampire mosquitoes
  A golden eye (shapeshifter) (D:13)
  15 swamp worms
  2 death yak simulacra (IceCv)
  A harpy simulacrum (Crypt:3)
  40 nagas
  5 wargs
  An acid dragon (D:11)
  3 water moccasins
  A demonspawn skeleton (Crypt:2)
  A floating eye (shapeshifter) (D:14)
  12 swamp drakes
  A black bear (D:6)
  A hornet zombie (D:7)
  47 orc warriors
  A two-headed ogre skeleton (Crypt:2)
  An ice beast (D:6)
  A sky beast (D:6)
  8 ogres
  4 necrophages
  A swamp dragon zombie (Crypt:2)
  A blink frog skeleton (Crypt:3)
  12 centaurs
  A phantom (D:5)
  6 kobold brigands
  A salamander zombie (Crypt:3)
  A draconian zombie (Crypt:1)
  13 bullfrogs
  2 scorpions (D:5)
  2 two-headed ogre simulacra (D:12)
  2 gnoll sergeants
  10 earth elementals
  An elf skeleton (Crypt:3)
  A human simulacrum (Depths:2)
  A komodo dragon skeleton (Crypt:1)
  3 cane toad simulacra
  A wyvern skeleton (D:5)
  A water moccasin zombie (Crypt:2)
  26 killer bees
  3 spriggan skeletons
  5 howler monkeys
  2 electric eels (Snake:1)
  A bullfrog zombie (Crypt:3)
  A crimson imp (D:14)
  3 lava snakes (Lair:1)
  6 centaur zombies
  2 gnoll shamans
  13 orc priests
  3 hounds (D:5)
  A jelly (D:6)
  A bullfrog skeleton (D:5)
  A centaur skeleton (D:6)
  25 orc wizards
  3 iguanas
  A spriggan simulacrum (D:12)
  2 polar bear simulacra
  3 wolf simulacra
  2 tengu zombies
  A dwarf zombie (Crypt:1)
  12 mummies (Crypt:3)
  A hound zombie (D:5)
  2 hound skeletons
  A howler monkey zombie (D:7)
  31 gnolls
  A naga simulacrum (D:12)
  5 adders
  A shadow imp (D:6)
  4 white imps
  A lava snake zombie (Crypt:1)
  An adder skeleton (D:4)
  3 dart slugs
  5 worms
  78 orcs
  8 ball pythons
  9 endoplasms
  2 giant cockroaches
  9 goblins
  8 hobgoblins
  5 jackals
  5 quokkas
  3 training dummies (D:7)
  6 bats
  5 frilled lizards
  32 kobolds
  3 rats
  4 briar patches (Swamp:4)
  A plant (Lair:6)
2203 creatures vanquished.

Vanquished Creatures (collateral kills)
  An acid blob (Slime:5)
  A nagaraja (Snake:4)
  An azure jelly (Slime:5)
  3 rockslimes (Slime:5)
  4 quicksilver oozes (Slime:5)
  A vampire knight (Depths:4)
  A dire elephant (Vaults:1)
  A dancing weapon (Elf:2)
  3 orc high priests (Orc:2)
  2 deep trolls (Vaults:2)
  An orc knight (Orc:2)
  An ironbound convoker (Vaults:2)
  A deep elf pyromancer (Elf:2)
  A deep elf zephyrmancer (Elf:2)
  4 oklob plants (Lair:5)
  An ugly thing (IceCv)
  3 ice statues (IceCv)
  A warg (Orc:2)
  4 orc warriors (Orc:2)
  An orc wizard (Orc:2)
36 creatures vanquished.

Vanquished Creatures (others)
  Margery (Depths:1)
  A storm dragon (Zot:1)
  A deep elf annihilator (Elf:2)
  A purple draconian (Zot:5)
  2 spriggans
  A deep elf knight (Elf:1)
  A spriggan druid (Swamp:4)
  A will-o-the-wisp (Swamp:4)
  A yaktaur (Vaults:2)
  An unseen horror (D:12)
  3 bloated husks
  A hornet (Swamp:1)
  An orc (Elf:2)
  A briar patch (Swamp:4)
  2 foxfires (Swamp:4)
  33 fungi
  62 plants
  12 starspawn tentacles (Abyss:2)
  5 withered plants (D:15)
131 creatures vanquished.

Grand Total: 2370 creatures vanquished

Table legend:
 A = Non-vault XP
 B = Vault XP
 C = Vault XP percentage of total XP
 D = Non-vault monster count
 E = Vault monster count
 F = Vault count percentage of total count
                 A         B        C        D         E       F
            +---------+---------+-------+---------+---------+-------
      Total |  802131 |  504534 |  38.6 |    1458 |     766 |  34.4
            +---------+---------+-------+---------+---------+-------
        D:1 |      48 |       0 |   0.0 |      26 |       0 |   0.0
        D:2 |      40 |       0 |   0.0 |      18 |       0 |   0.0
        D:3 |     139 |       0 |   0.0 |      21 |       0 |   0.0
        D:4 |     164 |      18 |   9.9 |      10 |       7 |  41.2
        D:5 |    1021 |       4 |   0.4 |      26 |       3 |  10.3
        D:6 |     913 |       0 |   0.0 |      23 |       0 |   0.0
        D:7 |    1127 |       6 |   0.5 |      38 |       3 |   7.3
        D:8 |    1527 |     991 |  39.4 |      18 |       2 |  10.0
        D:9 |    2574 |       0 |   0.0 |      28 |       0 |   0.0
       D:10 |    3494 |      66 |   1.9 |      21 |       5 |  19.2
       D:11 |    3640 |    8781 |  70.7 |      17 |      48 |  73.8
       D:12 |    5764 |   16489 |  74.1 |      14 |      42 |  75.0
       D:13 |    7832 |    2617 |  25.0 |      23 |       4 |  14.8
       D:14 |    8574 |     691 |   7.5 |      16 |       2 |  11.1
       D:15 |   14331 |    4617 |  24.4 |      25 |       8 |  24.2
     Lair:1 |    2792 |       0 |   0.0 |      13 |       0 |   0.0
     Lair:2 |    6970 |       0 |   0.0 |      28 |       0 |   0.0
     Lair:3 |    6358 |       0 |   0.0 |      25 |       0 |   0.0
     Lair:4 |    7192 |     639 |   8.2 |      22 |       4 |  15.4
     Lair:5 |   10558 |    5097 |  32.6 |      34 |      12 |  26.1
     Lair:6 |   10466 |    9607 |  47.9 |      34 |      27 |  44.3
    Swamp:1 |   12741 |    1345 |   9.5 |      24 |       1 |   4.0
    Swamp:2 |   13360 |       0 |   0.0 |      22 |       0 |   0.0
    Swamp:3 |   11304 |    1895 |  14.4 |      22 |       1 |   4.3
    Swamp:4 |    8257 |   20715 |  71.5 |      17 |      34 |  66.7
    Snake:1 |   14538 |       0 |   0.0 |      30 |       0 |   0.0
    Snake:2 |   26513 |    3028 |  10.3 |      53 |       3 |   5.4
    Snake:3 |   25169 |    7263 |  22.4 |      46 |      11 |  19.3
    Snake:4 |    8229 |   28060 |  77.3 |      15 |      38 |  71.7
    Slime:1 |    6935 |       0 |   0.0 |      14 |       0 |   0.0
    Slime:2 |    8157 |    7401 |  47.6 |      10 |       1 |   9.1
    Slime:3 |   10933 |       0 |   0.0 |      16 |       0 |   0.0
    Slime:4 |    5452 |       0 |   0.0 |      13 |       0 |   0.0
    Slime:5 |    6927 |   24476 |  77.9 |      13 |      19 |  59.4
      Orc:1 |    1330 |     260 |  16.4 |      12 |       2 |  14.3
      Orc:2 |    1551 |   17164 |  91.7 |      22 |      66 |  75.0
      Elf:1 |   29881 |   14267 |  32.3 |      48 |      26 |  35.1
      Elf:2 |   17755 |   25265 |  58.7 |      33 |      33 |  50.0
   Vaults:1 |   37952 |   27813 |  42.3 |      51 |      39 |  43.3
   Vaults:2 |   20352 |   18204 |  47.2 |      28 |      41 |  59.4
   Vaults:3 |   32757 |   17064 |  34.3 |      46 |      20 |  30.3
   Vaults:4 |    5500 |   30388 |  84.7 |       7 |      35 |  83.3
    Crypt:1 |   29075 |       0 |   0.0 |      49 |       0 |   0.0
    Crypt:2 |   23867 |    2354 |   9.0 |      33 |       1 |   2.9
    Crypt:3 |   24652 |   29230 |  54.2 |      36 |      41 |  53.2
   Depths:1 |   25614 |    7623 |  22.9 |      36 |       7 |  16.3
   Depths:2 |   27054 |   20573 |  43.2 |      32 |      22 |  40.7
   Depths:3 |   40110 |    9562 |  19.3 |      45 |       8 |  15.1
   Depths:4 |   43203 |   34981 |  44.7 |      46 |      40 |  46.5
      Zot:1 |   27831 |   38851 |  58.3 |      29 |      30 |  50.8
      Zot:2 |   36079 |    5925 |  14.1 |      28 |       4 |  12.5
      Zot:3 |   36995 |   14542 |  28.2 |      29 |      10 |  25.6
      Zot:4 |   55863 |   20258 |  26.6 |      42 |      15 |  26.3
      Zot:5 |   28718 |   21099 |  42.4 |      27 |      11 |  28.9
    Abyss:2 |    1953 |       0 |   0.0 |       4 |       0 |   0.0
     Bailey |       0 |    1631 | 100.0 |       0 |      27 | 100.0
      IceCv |       0 |    3674 | 100.0 |       0 |      13 | 100.0
            +---------+---------+-------+---------+---------+-------

Illustrated notes

Table legend:
 A = Kills in this place as a percentage of kills in entire the game.
 B = Kills by you in this place as a percentage of kills by you in the entire game.
 C = Kills by friends in this place as a percentage of kills by friends in the entire game.
 D = Other kills in this place as a percentage of other kills in the entire game.
 E = Experience gained in this place as a percentage of experience gained in the entire game.
 F = Experience gained in this place divided by the number of levels of this place that you have seen.
                   A       B       C       D       E      F
               +-------+-------+-------+-------+-------+----------------------
         Total | 100.0 | 100.0 | 100.0 | 100.0 | 100.0 | 21777.8
       Dungeon |  20.1 |  20.5 |   0.0 |   8.3 |   6.5 | 5697.9
          Lair |   8.9 |   8.9 |  14.8 |   0.0 |   4.6 | 9946.5
         Swamp |   5.4 |   5.3 |   0.0 |  41.7 |   5.3 | 17404.2
     Snake Pit |   8.8 |   8.9 |   3.7 |   0.0 |   8.6 | 28200.0
    Slime Pits |   3.9 |   3.9 |   0.0 |   0.0 |   5.4 | 14056.2
  Orcish Mines |   4.6 |   4.2 |  37.0 |   0.0 |   1.6 | 10152.5
   Elven Halls |   6.3 |   6.2 |  11.1 |  16.7 |   6.7 | 43584.0
        Vaults |  12.0 |  12.0 |  14.8 |   8.3 |  14.5 | 47507.5
         Crypt |   7.2 |   7.3 |   0.0 |   0.0 |   8.4 | 36392.7
        Depths |  10.6 |  10.7 |   3.7 |   8.3 |  16.0 | 52180.0
           Zot |  10.1 |  10.2 |   0.0 |  16.7 |  21.9 | 57232.2
         Abyss |   0.2 |   0.2 |   0.0 |   0.0 |   0.1 | 488.2
        Bailey |   1.2 |   1.2 |   0.0 |   0.0 |   0.1 | 1631.0
      Ice Cave |   0.6 |   0.4 |  14.8 |   0.0 |   0.3 | 3674.0
               +-------+-------+-------+-------+-------+----------------------

Table legend: (Time is in decaauts)
 A = Elapsed time spent in this place.
 B = Non-inter-level travel time spent in this place.
 C = Inter-level travel time spent in this place.
 D = Time resting spent in this place.
 E = Time spent auto-exploring this place.
 F = Levels seen in this place.
 G = Mean time per level.
                   A        B        C        D        E       F      G
               +--------+--------+--------+--------+--------+-----+--------+
         Total |  92296 |  86832 |   5464 |  21126 |  46485 |  60 | 1538.3 |
       Dungeon |  23480 |  21737 |   1743 |   3940 |  13085 |  15 | 1565.3 |
          Lair |   9948 |   9015 |    933 |   1982 |   5731 |   6 | 1658.0 |
         Swamp |   4842 |   4409 |    433 |    543 |   2881 |   4 | 1210.5 |
     Snake Pit |   8197 |   7860 |    337 |   2086 |   4165 |   4 | 2049.2 |
    Slime Pits |   2894 |   2850 |     44 |   1217 |    774 |   5 |  578.8 |
  Orcish Mines |   3113 |   2717 |    396 |    538 |   1518 |   2 | 1556.5 |
   Elven Halls |   4970 |   4705 |    265 |    405 |   3236 |   2 | 2485.0 |
        Vaults |   7504 |   7202 |    302 |    920 |   4582 |   4 | 1876.0 |
         Crypt |   4808 |   4541 |    267 |    802 |   2742 |   3 | 1602.7 |
        Depths |   9217 |   8684 |    533 |   2400 |   4754 |   4 | 2304.2 |
           Zot |  11591 |  11385 |    206 |   5583 |   2847 |   5 | 2318.2 |
         Abyss |    460 |    460 |      0 |      0 |      0 |   4 |  115.0 |
        Bailey |    776 |    776 |      0 |    385 |    133 |   1 |  776.0 |
      Ice Cave |    491 |    491 |      0 |    321 |     35 |   1 |  491.0 |
               +--------+--------+--------+--------+--------+-----+--------+

Top non-repeatable levels by time:
Depths:4: 3685 daAuts
   Zot:3: 3177 daAuts
Vaults:1: 2761 daAuts
   Elf:2: 2746 daAuts
 Snake:3: 2699 daAuts
   Zot:4: 2482 daAuts
 Snake:2: 2450 daAuts
  Lair:6: 2359 daAuts
    D:11: 2336 daAuts
   Zot:1: 2292 daAuts
    D:10: 2264 daAuts
   Zot:2: 2251 daAuts
    D:12: 2241 daAuts
   Elf:1: 2223 daAuts
Depths:2: 2195 daAuts
